 Dungeon Crawl Stone Soup version 0.19-a0-19-gf75ed07 (webtiles) character file.

2013 Duffy the Martial Artist (level 9, 62/64 HPs)
             Began as a Demonspawn Transmuter on May 1, 2016.
             Quit the game on level 9 of the Dungeon.
             The game lasted 00:15:33 (8817 turns).

Duffy the Martial Artist (Demonspawn Transmuter)    Turns: 8817, Time: 00:15:34

Health: 62/64      AC:  7    Str: 12    XL:     9   Next: 2%
Magic:  11/12      EV: 16    Int: 14    God:
Gold:   230        SH:  0    Dex: 16    Spells: 3 memorised, 6 levels left

rFire  . . .     SeeInvis .       - Unarmed
rCold  . . .     Gourm    .     b - +0 robe
rNeg   . . .     Faith    .     (no shield)
rPois  .         Spirit   .     (helmet unavailable)
rElec  .         Dismiss  .     (no cloak)
rCorr  .         Reflect  .     J - +2 pair of gloves
SustAt .         Harm     .     N - +1 pair of boots {Stlth+}
MR     .....                    D - amulet of rage
Stlth  ++........               (no ring)
                                (no ring)

@: not resistant to hostile enchantments, unstealthy
A: horns 3, demonic guardian 1, sturdy frame 1
a: Evoke Berserk Rage


You were on level 9 of the Dungeon.
You were not hungry.

You visited 2 branches of the dungeon, and saw 10 of its levels.

You collected 333 gold pieces.
You spent 103 gold pieces at shops.


Innate Abilities, Weirdness & Mutations

You have a pair of large horns on your head.
A weak demonic guardian rushes to your aid.
Your movements are slightly less encumbered by armour (ER -2).


   Skills:
 + Level 3.3 Fighting
 - Level 6.3 Dodging
 + Level 8.2 Unarmed Combat
 - Level 2.0 Spellcasting
 - Level 2.5 Transmutations
 - Level 2.5 Poison Magic


You had 6 spell levels left.
You knew the following spells:

 Your Spells              Type           Power        Failure   Level  Hunger
a - Spider Form           Trmt/Pois      #.........   24%         3    ####...
b - Sticks to Snakes      Trmt           #.......     14%         2    ###....
c - Beastly Appendage     Trmt           #.....       10%         1    ##.....

Inventory:

Hand Weapons
 y - a +0 blowgun
Missiles
 a - 52 arrows
 l - 10 tomahawks (quivered)
 w - a throwing net
 x - 3 steel tomahawks
 z - 25 poisoned needles
Armour
 b - a +0 robe (worn)
 J - a +2 pair of gloves (worn)
 N - a +1 pair of boots of stealth (worn)
Rods
 t - a +0 rod of clouds (12/12)
Jewellery
 j - an uncursed amulet of faith
 n - a +3 ring of strength {unknown}
 D - an amulet of rage (around neck)
 L - a +3 amulet of reflection {unknown}
Wands
 F - a wand of slowing (22/48)
 O - a wand of teleportation (4/9)
Scrolls
 e - a scroll of recharging {unknown}
 g - a scroll of fear {unknown}
 h - a scroll of remove curse
 k - 2 scrolls of amnesia {unknown}
 o - a scroll of enchant armour {unknown}
 q - a scroll of fog {unknown}
 r - 2 scrolls of enchant weapon {unknown}
 E - a scroll of immolation {unknown}
 K - 2 scrolls of teleportation {unknown}
Potions
 i - 2 potions of might {unknown}
 p - 2 potions of heal wounds
 u - 2 potions of curing
 A - a potion of haste {unknown}
 G - a potion of agility {unknown}
 H - 2 potions of mutation {unknown}
 I - 2 potions of lignification {unknown}
 M - a potion of brilliance {unknown}
Books
 c - a book of Changes
 m - a book of Conjurations
 C - a book of Cantrips
Comestibles
 d - 5 bread rations
 f - a meat ration
 s - 6 chunks of flesh
 B - a fruit

Dungeon Overview and Level Annotations

Branches:
Dungeon (9/15)             Temple (1/1) D:4             Orc (0/2) D:9
   Lair: D:8-11

Altars:
Ashenzari
Dithmenos
Elyvilon
Fedhas
Gozag
Kikubaaqudgha
Makhleb
Nemelex Xobeh
Okawaru
Pakellas
Qazlal
Ru
Sif Muna
Trog
Vehumet
Xom
Yredelemnul
Zin
The Shining One

Shops:
D:7 [


Message History

The orc barely misses you. The orc wizard completely misses you.
You hit the orc wizard but do no damage.
The orc wizard is poisoned.
The orc completely misses you. The orc wizard closely misses you.
You hit the orc wizard but do no damage.
The orc wizard looks even sicker.
The orc wizard is lightly wounded.
The orc wizard hits you with a dagger. The orc barely misses you.
You hit the orc wizard.
The orc wizard is moderately wounded.
The orc wizard completely misses you. The orc completely misses you.
You bite the orc wizard!
You kill the orc wizard!
The orc completely misses you.
You hit the orc.
The orc is poisoned.
The orc is severely wounded.
You bite the orc!
You kill the orc!
Things that are here:
a glaive; a runed chain mail; an orc corpse You butcher the orc corpse.
Your transformation has ended.
Your +2 pair of gloves unmelds from your body.
Your +1 pair of boots of stealth unmelds from your body.
Your +0 robe unmelds from your body.
You feel stealthy.
s - 3 chunks of flesh (gained 2)
Things that are here:
a glaive; a runed chain mail
Things that are here:
a dagger; a robe There isn't anything to butcher here.
Things that are here:
a scale mail; an orc corpse You butcher the orc corpse.
s - 6 chunks of flesh (gained 3)
Things that are here:
a scale mail; an orc skeleton
Things that are here:
a dagger; a robe
Things that are here:
a scale mail; an orc skeleton
Found a short sword.
There is a stone staircase leading down here.
You climb downwards.
Found 11 gold pieces.
There is a stone staircase leading up here.
Read which item? (? for menu, Esc to quit)
As you read the scroll of magic mapping, it crumbles to dust.
You feel aware of your surroundings.
You sensed 1 altar.
Are you sure you want to abandon this character and quit the game? (Confirm with "yes".)

*,,,,,,,,,,,,,,,,,* *,*
***,,,,*****..,,*,***,* ******
*..,,*,,,,,* * *.#********* **
**** *.# *, ,,,****** ##.## **
,,,,,,,,* #.$.# * **,****,* #...#
****** **,* *,* #@..# *,,,,, **,*
*,* #...# *,**** **,****,* #...#
*,* ,,,,,,,,* #...# **,**
*,*****,*******#...#*******,*,**
*,*****,,,,,,,,.....,,,>,,,***,**
,,,,,,,,,,,,,,,......,,,,,,,*,,,,
*,**,,,,,,,,,,,.......,,,,*,,,,**
*,**,,,,,,******,,,*******,,,,,*


There were no monsters in sight!

Action                   |  1- 3 |  4- 6 |  7- 9 || total
-------------------------+-------+-------+-------++-------
Melee: Unarmed           |    96 |   169 |   191 ||   456
       Punch             |     4 |     2 |     6 ||    12
       Headbutt          |     5 |    14 |    18 ||    37
 Cast: Sticks to Snakes  |     2 |       |       ||     2
       Spider Form       |     1 |    12 |    12 ||    25
 Abil: Evoke Berserk Rag |       |       |     2 ||     2
Evoke: Wand              |       |       |     1 ||     1
  Use: Scroll            |       |     4 |     7 ||    11
       Potion            |       |       |     1 ||     1
 Stab: Distracted        |     1 |       |       ||     1
       Sleeping          |     1 |     1 |     1 ||     3
  Eat: Chunk             |     3 |     8 |     7 ||    18
       Royal jelly       |     1 |       |       ||     1
       Pizza             |       |     1 |       ||     1
       Fruit             |       |       |     2 ||     2
       Bread ration      |       |       |     1 ||     1
       Meat ration       |       |       |     1 ||     1
Armor: Robe              |    17 |     4 |    22 ||    43
       Skin              |       |     2 |     3 ||     5
Dodge: Dodged            |    52 |   109 |   169 ||   330

Notes
Turn   | Place    | Note
--------------------------------------------------------------
     0 | D:1      | Duffy the Demonspawn Transmuter began the quest for the Orb.
     0 | D:1      | Reached XP level 1. HP: 15/15 MP: 3/3
   197 | D:1      | Reached skill level 2 in Transmutations
   506 | D:1      | Gained mutation: You have a pair of small horns on your head. [demonic ancestry]
   506 | D:1      | Reached XP level 2. HP: 8/21 MP: 5/5
   720 | D:2      | Reached skill level 3 in Unarmed Combat
   814 | D:2      | Learned a level 2 spell: Sticks to Snakes
  1349 | D:3      | Found a faded altar to an unknown god.
  1472 | D:3      | Reached XP level 3. HP: 21/26 MP: 6/6
  1535 | D:3      | Learned a level 3 spell: Spider Form
  1989 | D:4      | Noticed a killer bee
  2435 | D:3      | Reached skill level 1 in Poison Magic
  2435 | D:3      | Reached XP level 4. HP: 28/32 MP: 4/7
  2496 | D:3      | Reached skill level 4 in Unarmed Combat
  2496 | D:3      | Reached skill level 2 in Poison Magic
  2722 | D:3      | Gained mutation: Your movements are slightly less encumbered by armour (ER -2). [demonic ancestry]
  2722 | D:3      | Reached XP level 5. HP: 29/37 MP: 4/8
  2993 | D:3      | Found a deep blue altar of Sif Muna.
  3279 | D:3      | Reached skill level 2 in Dodging
  3797 | D:4      | Got a colourful robe
  4059 | D:5      | Entered Level 5 of the Dungeon
  4064 | D:5      | Noticed an ice beast
  4105 | D:5      | Killed an ice beast
  4105 | D:5      | Gained mutation: You have a pair of horns on your head. [demonic ancestry]
  4105 | D:5      | Reached XP level 6. HP: 32/43 MP: 6/9
  4201 | D:5      | Reached skill level 3 in Dodging
  4263 | D:5      | Reached skill level 5 in Unarmed Combat
  4890 | D:5      | Found a glowing golden altar of the Shining One.
  4894 | D:5      | Found a shattered altar of Ashenzari.
  5007 | D:5      | Found a shadowy altar of Dithmenos.
  5123 | D:5      | Noticed Sigmund
  5139 | D:5      | Killed Sigmund
  5139 | D:5      | Reached skill level 4 in Dodging
  5139 | D:5      | Reached XP level 7. HP: 31/48 MP: 4/10
  5652 | D:6      | Reached skill level 6 in Unarmed Combat
  5703 | D:6      | Noticed Edmund
  5719 | D:6      | Killed Edmund
  5795 | D:6      | Reached skill level 5 in Dodging
  6155 | D:6      | Found an oddly glowing altar of Pakellas.
  6282 | D:6      | Gained mutation: You have a pair of large horns on your head. [demonic ancestry]
  6282 | D:6      | Reached XP level 8. HP: 49/54 MP: 2/11
  6522 | D:6      | Found an ancient bone altar of Kikubaaqudgha.
  6522 | D:6      | Found a blossoming altar of Fedhas.
  7033 | D:4      | Found a staircase to the Ecumenical Temple.
  7043 | Temple   | Entered the Ecumenical Temple
  7460 | D:4      | Reached skill level 7 in Unarmed Combat
  7473 | D:4      | Reached skill level 6 in Dodging
  7890 | D:7      | Found Xoyl's Antique Armour Shoppe.
  7893 | D:7      | Bought a pair of runed boots for 103 gold pieces
  7985 | D:6      | Identified the cursed +0 robe "Kaho" {rElec rF- rC+ Str+5} (You found it on level 4 of the Dungeon)
  8267 | D:6      | Noticed Grinder
  8268 | D:6      | Paralysed by Grinder for 3 turns
  8298 | D:6      | Paralysed by Grinder for 7 turns
  8311 | D:6      | Paralysed by Grinder for 4 turns
  8325 | D:6      | Killed Grinder
  8325 | D:6      | Reached skill level 2 in Fighting
  8716 | D:6      | Reached skill level 8 in Unarmed Combat
  8755 | D:7      | Reached skill level 3 in Fighting
  8796 | D:8      | Gained mutation: A weak demonic guardian rushes to your aid. [demonic ancestry]
  8796 | D:8      | Reached XP level 9. HP: 60/64 MP: 8/12
  8817 | D:9      | Quit the game

Skill      XL: |  1  2  3  4  5  6  7  8 |
---------------+-------------------------+-----
Transmutations | 2 |  2.5
Unarmed Combat | 3 4 5 6 8 |  8.2
Poison Magic   | 1 2 |  2.5
Dodging        | 2 4 5 6 |  6.3
Fighting       | 3 |  3.3
Spellcasting   | |  2.0

Vault maps used:
D:1:      matt_arrival_grand_opening
D:3:      led_sif_pool, ecumenical_altar_1
D:4:      minmay_temple_entry_nine_rooms
D:5:      nicolae_dithmenos_through_a_glass_darkly, minitemple, first_bread,
          uniq_sigmund
D:6:      grunt_temple_overflow_growth_and_decay, lemuel_crystal_altar,
          uniq_grinder, uniq_edmund
D:7:      serial_shops, nicolae_shop_behind_doors
D:8:      hangedman_little_slice_of_home, uniq_maurice, uniq_erolcha,
          uniq_prince_ribbit1, uniq_psyche
D:9:      cheibriados_altar_wand_db, david_orc_2, kennysheep_generic_room_14
Temple:   circular_temple_12

Vanquished Creatures
  Grinder Sigmund Edmund
  2 orc warriors
  A black bear
  An ice beast
  A giant frog
  A water moccasin zombie
  A scorpion
  6 killer bees
  4 wights
  A giant frog skeleton
  A hound
  3 orc priests
  3 iguanas
  6 orc wizards
  A worker ant
  A hound skeleton
  A worker ant zombie
  3 gnolls
  2 adders
  An adder zombie
  2 worms
  5 dart slugs
  A giant gecko
  29 orcs
  4 bats
  2 giant cockroaches
  3 goblins
  3 hobgoblins
  2 jackals
  5 kobolds
  2 quokkas
  A giant gecko skeleton
  4 giant newts
  A jackal zombie
  A quokka zombie
  7 rats
115 creatures vanquished.
